 Dungeon Crawl Stone Soup version 0.28.0-43-g3370ac3207 (webtiles) character file.

Game seed: 415648305409125954

14766 RepoMan the Swashbuckler (level 12, -2/79 HPs)
             Began as a Tengu Berserker on Mar 2, 2022.
             Was a Priest of Trog.
             Slain by a minotaur (14 damage)
             ... in a Gauntlet.
             The game lasted 01:17:09 (12709 turns).

RepoMan the Swashbuckler (Tengu Berserker)         Turns: 12709, Time: 01:17:10

Health: -2/79      AC:  9    Str: 24    XL:     12   Next: 20%
Magic:  13/13      EV: 16    Int:  5    God:    Trog [***...]
Gold:   249        SH:  6    Dex: 19    Spells: 11/11 levels left

rFire   + . .      SeeInvis .   p - +1 dagger (venom)
rCold   . . .      Faith    .   l - +0 buckler
rNeg    . . .      Spirit   .   M - +2 leather armour {Will+}
rPois   +          Reflect  .   (helmet restricted)
rElec   .          Harm     .   G - +2 cloak {rPois}
rCorr   .          Rampage  .   j - +0 pair of gloves
Will    ++++.      NoTele   +   (boots unavailable)
Stlth   +.........              (no amulet)
HPRegen 1.23/turn               s - ring of protection from fire
MPRegen 0.13/turn               Q - ring "Jufuenk" {Will+ Str+6}

@: strong-willed, on berserk cooldown, flying quickly and evasively,
regenerating, slowed, very slow
A: beak, talons 3, nimble flight, dopey 1
a: Renounce Religion, Berserk, Trog's Hand


You were in a Gauntlet.
You worshipped Trog.
Trog was most pleased with you.
You visited 2 branches of the dungeon, and saw 12 of its levels.
You also visited: Bailey and Gauntlet.

You collected 699 gold pieces.
You spent 450 gold pieces at shops.

Inventory:

Hand Weapons
 a - a +0 broad axe
 d - a +3 dagger
 p - a +1 dagger of venom (weapon)
 w - a +0 rapier
Missiles
 e - 22 poisoned darts (quivered)
 O - a curare-tipped dart
Armour
 j - a +0 pair of gloves (worn)
 l - a +0 buckler (worn)
 q - a +2 robe of cold resistance
 G - a +2 cloak of poison resistance (worn)
 M - a +2 leather armour of willpower (worn)
Jewellery
 c - a ring of poison resistance
 s - a ring of protection from fire (left hand)
 Q - the ring "Jufuenk" (right hand) {Will+ Str+6}
   (You found it in a Gauntlet)

   [ring of strength]

   Str:       It affects your strength (+6).
   Will:      It increases your willpower.
Wands
 r - a wand of paralysis (8)
 D - a wand of flame (50)
 E - a wand of charming (9)
 H - a wand of iceblast (1)
Scrolls
 f - 6 scrolls of teleportation
 g - 3 scrolls of brand weapon
 h - 3 scrolls of immolation
 i - 7 scrolls of fear
 m - 2 scrolls of summoning
 x - 3 scrolls of fog
 y - a scroll of enchant weapon {unknown}
 B - a scroll of torment {unknown}
 F - a scroll of noise {unknown}
 I - a scroll of holy word {unknown}
 J - 2 scrolls of blinking {unknown}
 K - a scroll of magic mapping {unknown}
 L - a scroll of vulnerability {unknown}
 N - a scroll of enchant armour {unknown}
Potions
 k - 3 potions of haste
 o - a potion of lignification
 t - a potion of invisibility {unknown}
 u - a potion of flight {unknown}
 v - 5 potions of mutation
 z - a potion of degeneration {unknown}
 A - 2 potions of curing {unknown}
 C - a potion of might {unknown}
 P - a potion of attraction {unknown}
Miscellaneous
 n - a phantom mirror (inert)


   Skills:
 * Level 10.7 Fighting
 + Level 15.2 Short Blades
 - Level 2.2 Armour
 + Level 4.0 Dodging
 - Level 4.0 Shields
 + Level 7.6 Evocations


You had 11 spell levels left.
You didn't know any spells.
Your spell library was empty.

Dungeon Overview and Level Annotations

Branches:
Dungeon (11/15)            Temple (1/1) D:7             Orc (0/2) D:9
 Bailey (visited)         Gauntlet (1/1)
   Lair: D:8-11

Altars:
Sif Muna
Trog

Shops:
D:1 [   D:10 =

Annotations:
D:7 3 runed translucent doors, DoubleLucky's ghost, novice DrFE; Kaptain's ghost, novice OpEE; Xye's ghost, novice HOFi Gauntlet 4 transporters, 1 runed translucent door


Innate Abilities, Weirdness & Mutations

You have a beak for a mouth.
You have claws for feet.
Your magical nature lets you fly swiftly and evasively.
You are dopey. (Int -2)


Message History

You feel yourself moving faster!
You feel mighty!
The minotaur throws a silver javelin.
The silver javelin completely misses you.
Your minotaur barely misses the minotaur.
Your minotaur gores the minotaur.
You feel a strong urge to attack something.
The minotaur throws a silver javelin.
The silver javelin pierces through you! The silver sears you!
Your minotaur hits the minotaur!
Your minotaur gores the minotaur but does no damage.
You feel your anger nearly subside. The minotaur hits you!
The minotaur gores you!
Your minotaur hits the minotaur.
Your minotaur gores the minotaur.
You hit the minotaur but do no damage.
The minotaur is poisoned.
The minotaur is heavily wounded.
You hit the minotaur but do no damage.
The minotaur looks as sick as possible!
Your kick misses the minotaur.
The minotaur is heavily wounded.
The minotaur hits you! The minotaur gores you!
You hit the minotaur.
The minotaur looks as sick as possible!
The minotaur is heavily wounded.
Your minotaur hits the minotaur but does no damage.
Your minotaur gores the minotaur.
You puncture the minotaur!
The minotaur looks as sick as possible!
You claw the minotaur!
The minotaur is almost dead.
You are no longer berserk.
You are exhausted.
You feel yourself slow down.
Unknown command.
Press: ? - help, v - describe, . - travel
Here: a minotaur, wearing a +0 chain mail, wearing the ring "Daug" {Contam rElec rF+ Int+3 Stlth+} and quivering silver javelins (almost dead, extremely poisoned, ally target)
The floor, spattered with blood.
Unknown command.
Unknown command.
You feel much better.
Your minotaur shimmers and vanishes!
The minotaur hits you! The minotaur closely misses you. The minotaur hits you!!
* * * LOW HITPOINT WARNING * * *
The minotaur gores you!
You die...

▒▒≈...............≈▒▒
▒▒▒▒▒▒▒▒▒.▒▒▒▒▒▒▒▒▒
▒.............▒
▒.▒▒▒▒▒▒▒▒▒▒▒.▒
▒.▒........ ▒.▒ ▒.▒.▒
▒.▒ ▒...▒▒ ▒.▒ ▒▒▒..▒
▒ ▒.▒ ▒.▒▒@▒ 8▒ ▒▒.▒
▒..▒H▒▒.▒▒.▒..▒
▒▒.▒.......▒.▒▒
▒.▒▒▒▒▒▒▒▒▒.▒
▒...........▒
▒▒▒▒▒▒▒▒▒▒▒▒▒


You could see a minotaur (extremely poisoned).

Vanquished Creatures
  2 vault guards (Bailey)
  A two-headed ogre (D:8)
  2 wizards (Gauntlet)
  A moth of wrath (Gauntlet)
  2 centaur zombies (D:10)
  An elephant (Gauntlet)
  Psyche (D:10)
  Prince Ribbit (Bailey)
  A shadow (D:10)
  A wyvern (D:9)
  7 humans (Bailey)
  24 yaks
  2 steam dragons
  2 neqoxecs (Gauntlet)
  A warg (D:9)
  2 water moccasins
  3 orc warriors
  2 ice beasts
  5 wolves (Gauntlet)
  3 ogres
  A centaur (D:8)
  Blork the orc (D:5)
  A gnoll sergeant (D:9)
  3 kobold brigands
  9 bullfrogs
  4 scorpions
  A wyvern skeleton (D:6)
  13 killer bees (D:9)
  3 wights (D:9)
  4 howler monkeys
  7 orc priests
  A hound (D:6)
  2 jellies (D:5)
  A centaur skeleton (D:6)
  Ijyb (D:4)
  An iguana (D:6)
  4 orc wizards
  A killer bee zombie (D:7)
  A hound skeleton (D:3)
  A howler monkey zombie (D:5)
  7 gnolls
  A howler monkey skeleton (D:6)
  10 adders
  2 shadow imps
  4 white imps (Gauntlet)
  An adder skeleton (D:4)
  A worm (D:4)
  12 dart slugs
  33 orcs
  8 endoplasms
  3 giant cockroaches
  13 goblins
  6 hobgoblins
  9 jackals
  3 quokkas
  7 ball pythons
  6 bats
  6 frilled lizards
  23 kobolds
  8 rats
287 creatures vanquished.

Vanquished Creatures (collateral kills)
  A wretched star (Gauntlet)
1 creature vanquished.

Vanquished Creatures (others)
  2 fungi (D:1)
  3 plants (D:1)
  4 withered plants (D:7)
9 creatures vanquished.

Grand Total: 297 creatures vanquished

Notes
Turn   | Place    | Note
-------+----------+-------------------------------------------
     0 | D:1      | RepoMan the Tengu Berserker began the quest for the Orb.
     0 | D:1      | Reached XP level 1. HP: 14/14 MP: 2/2
   433 | D:1      | Reached XP level 2. HP: 19/19 MP: 3/3
   725 | D:1      | Noticed an eye of devastation
   728 | D:1      | Found a faded altar of an unknown god.
   729 | D:1      | Noticed a great orb of eyes
   729 | D:1      | Noticed a great orb of eyes
   729 | D:1      | Noticed an eye of devastation
   754 | D:1      | Found Vitul's Armour Emporium.
   783 | D:1      | Reached skill level 4 in Short Blades
  1326 | D:2      | Reached XP level 3. HP: 19/23 MP: 4/4
  1474 | D:2      | Reached ** piety under Trog
  1814 | D:2      | Reached XP level 4. HP: 29/29 MP: 5/5
  2365 | D:3      | Reached skill level 5 in Short Blades
  2367 | D:3      | Gained mutation: Your magical nature lets you fly swiftly
                  | and evasively. [Tengu growth]
  2367 | D:3      | Reached XP level 5. HP: 15/33 MP: 6/6
  3887 | D:1      | Bought a +2 cloak of poison resistance for 222 gold pieces
  3986 | D:3      | Reached skill level 6 in Short Blades
  3986 | D:3      | Reached XP level 6. HP: 37/39 MP: 7/7
  4116 | D:4      | Reached *** piety under Trog
  4307 | D:4      | Noticed Ijyb
  4322 | D:4      | Killed Ijyb
  4479 | D:4      | Reached skill level 7 in Short Blades
  4944 | D:5      | Entered Level 5 of the Dungeon
  4947 | D:5      | Reached skill level 5 in Fighting
  4947 | D:5      | Reached XP level 7. HP: 44/44 MP: 8/8
  5258 | D:5      | Found a shimmering blue altar of Sif Muna.
  5268 | D:5      | Reached skill level 8 in Short Blades
  5506 | D:5      | Noticed Blork the orc
  5514 | D:5      | Killed Blork the orc
  5528 | D:5      | Reached skill level 1 in Shields
  5528 | D:5      | Reached XP level 8. HP: 41/50 MP: 9/9
  5595 | D:5      | You are sucked into a shaft and drop 2 floors!
  5595 | D:7      | Found a bloodstained altar of Trog.
  5605 | D:7      | Reached skill level 9 in Short Blades
  5665 | D:7      | Found a runed translucent gate.
  5665 | D:7      | Found a runed translucent gate.
  5666 | D:7      | Found a runed translucent gate.
  5667 | D:7      | Noticed Xye's ghost (novice HOFi)
  5667 | D:7      | Noticed Kaptain's ghost (novice OpEE)
  5668 | D:7      | Noticed DoubleLucky's ghost (novice DrFE)
  6035 | D:6      | Reached skill level 10 in Short Blades
  6511 | D:7      | Found a staircase to the Ecumenical Temple.
  6629 | Temple   | Entered the Ecumenical Temple
  6722 | D:7      | Reached XP level 9. HP: 53/54 MP: 10/10
  7156 | D:7      | Reached skill level 11 in Short Blades
  7551 | D:8      | Noticed a two-headed ogre
  7755 | D:8      | Killed a two-headed ogre
  8486 | D:1      | Bought a +2 leather armour of willpower for 228 gold pieces
  8708 | D:9      | Reached skill level 12 in Short Blades
  8998 | D:9      | Reached XP level 10. HP: 49/63 MP: 11/11
  9160 | D:9      | Found a staircase to the Orcish Mines.
  9498 | D:9      | Reached **** piety under Trog
  9629 | D:9      | Reached skill level 13 in Short Blades
 10379 | D:10     | Entered Level 10 of the Dungeon
 10385 | D:10     | Found a flagged portal.
 10399 | Bailey   | Entered a bailey
 10444 | Bailey   | Reached skill level 5 in Evocations
 10778 | Bailey   | Reached XP level 11. HP: 63/69 MP: 12/12
 10827 | Bailey   | Reached skill level 14 in Short Blades
 10959 | Bailey   | Noticed Prince Ribbit
 10959 | Bailey   | Noticed a vault guard
 10962 | Bailey   | Killed Prince Ribbit
 10984 | Bailey   | Killed a vault guard
 11134 | Bailey   | Noticed a vault guard
 11141 | Bailey   | Killed a vault guard
 11224 | D:10     | Found Geacoat's Jewellery Emporium.
 11763 | D:10     | Noticed Psyche
 11776 | D:10     | Killed Psyche
 11873 | D:11     | Found a gate leading to a gauntlet.
 11918 | D:11     | Reached skill level 10 in Fighting
 12016 | Gauntlet | Entered a Gauntlet
 12016 | Gauntlet | Found a transporter.
 12016 | Gauntlet | Found a runed translucent door.
 12017 | Gauntlet | Found a runed translucent door.
 12022 | Gauntlet | Found a transporter.
 12026 | Gauntlet | Found a transporter.
 12028 | Gauntlet | Noticed a moth of wrath
 12031 | Gauntlet | Found a transporter.
 12035 | Gauntlet | Found a transporter.
 12039 | Gauntlet | Found a transporter.
 12044 | Gauntlet | Found a transporter.
 12049 | Gauntlet | Found a transporter.
 12053 | Gauntlet | Found a transporter.
 12058 | Gauntlet | Found a transporter.
 12061 | Gauntlet | Noticed a wretched star
 12062 | Gauntlet | Found a transporter.
 12065 | Gauntlet | Found a transporter.
 12067 | Gauntlet | Noticed a wizard
 12070 | Gauntlet | Found a transporter.
 12071 | Gauntlet | Noticed a wizard
 12075 | Gauntlet | Found a transporter.
 12220 | Gauntlet | Reached skill level 15 in Short Blades
 12285 | Gauntlet | Killed a moth of wrath
 12306 | Gauntlet | Reached XP level 12. HP: 78/78 MP: 13/13
 12451 | Gauntlet | Gained mutation: You are dopey. (Int -2) [a neqoxec]
 12477 | Gauntlet | Killed a wretched star
 12555 | Gauntlet | Identified the ring "Jufuenk" {Will+ Str+6}
 12680 | Gauntlet | Identified the ring "Daug" {Contam rElec rF+ Int+3 Stlth+}
 12680 | Gauntlet | Noticed a minotaur
 12709 | Gauntlet | Slain by a minotaur

Illustrated notes

Levels and vault maps discovered:
D:1:      tarquinn_simple_flora_water_d, layout_basic, serial_shops, shop_coins,
          serial_curves, eino_curves_01, eino_curves_02,
          hellmonk_ecumenical_altar_watching_god
D:2:      layout_rooms, chequers_serial_rivers_room_a
D:3:      layout_basic, guppyfry_early_lair_pool
D:4:      kennysheep_slugbush, layout_basic, uniq_ijyb
D:5:      layout_basic, nicolae_sif_muna_condensation, uniq_blork_the_orc
D:6:      layout_rooms
D:7:      layout_loops_ring, trog_three_pillars_becter, temple_fountains,
          gammafunk_ghost_cemetery
D:8:      layout_rooms
D:9:      layout_gridville, david_orc_1_choice
D:10:     layout_cross, enter_bailey_2, minmay_shop_enchanted_jewellery,
          minmay_strange_pillars, uniq_psyche
D:11:     layout_loops_ring, lair_entry_dummy, gauntlet_entry_generic,
          uniq_sonja
Temple:   mainiacjoe_temple_cubbyholes
Gauntlet: gammafunk_gauntlet_77_escape_option
          [minmay_gauntlet_arena_77_shame_cube, minmay_gauntlet_arena_77_braids,
          minmay_gauntlet_arena_77_two_lines,
          minmay_gauntlet_arena_77_tiled_triplets,
          minmay_gauntlet_arena_77_broken_ladder,
          dreamdust_gauntlet_exit_labyrinth]

Skill      XL: |  1  2  3  4  5  6  7  8  9 10 11 12 |
---------------+-------------------------------------+-----
Short Blades   | 4 5 6 7 8 10 12 13 15 | 15.2
Fighting       | 4 5 7 8 10 | 10.7
Shields        | 1 3 4 |  4.0
Evocations     | 3 5 7 |  7.6
Dodging        | 3 4 |  4.0
Armour         | |  2.2

Action                   |  1- 3 |  4- 6 |  7- 9 | 10-12 || total
-------------------------+-------+-------+-------+-------++-------
Melee: Short sword       |    16 |       |       |       ||    16
       Rapier            |    64 |   136 |   245 |    97 ||   542
       Kick              |    11 |    37 |    88 |   168 ||   304
       Peck              |    12 |    24 |    50 |   106 ||   192
       Punch             |       |       |     1 |       ||     1
       Dagger            |       |       |       |   331 ||   331
Throw: Dart              |     2 |     6 |    17 |     4 ||    29
       Throwing net      |       |       |       |     2 ||     2
Invok: Berserk           |     2 |     3 |    10 |    14 ||    29
       Trog's Hand       |     1 |     1 |     3 |     6 ||    11
Evoke: Wand              |       |       |     6 |    17 ||    23
       Phantom mirror    |       |       |       |     1 ||     1
  Use: Scroll            |       |       |       |    11 ||    11
       Potion            |       |       |       |     4 ||     4
 Stab: Sleeping          |     1 |     4 |       |       ||     5
       Distracted        |     1 |       |       |     1 ||     2
       Paralysed         |       |       |     3 |       ||     3
       Held in net/web   |       |       |       |     3 ||     3
Armor: Plate armour      |     7 |       |       |       ||     7
       Animal skin       |    13 |     2 |       |       ||    15
       Leather armour    |       |    20 |    41 |    50 ||   111
Dodge: Dodged            |    43 |    68 |   107 |   131 ||   349
Block: Buckler           |       |       |    47 |    49 ||    96
